Map: Glittering Ashes LE

Players

KriXuS

  • Race: Terran Terran
  • League: Master
  • Spawn Location: 1:00

CareAgain - Winner!

  • Race: Zerg Zerg
  • League: Master
  • Spawn Location: 7:00

VOD

Have the link to the VOD?

Description

Time

  • Played on: June 25, 2022, 3:32 p.m.
  • Length: 11:51
Show
View Real Time Build Order
Export as new Build Order

KriXuS Terran 

Build Orders: Reaper Expand 

Get SALT Encoding   

  12  0:02  SCV  
  14  0:14  SCV  
  14  0:19  Supply Depot  
  14  0:26  SCV  
  15  0:40  SCV  
  15  0:42  Barracks  
  16  0:46  Refinery  
  16  0:52  SCV  
  17  1:04  SCV  
  18  1:17  SCV  
  19  1:30  Reaper  
  19  1:31  Orbital Command  
  20  1:43  Command Center  
  20  1:51  Supply Depot  
  20  1:58  SCV  
  21  2:02  Marine  
  22  2:10  SCV  
  23  2:17  Factory  
  23  2:22  SCV  
  24  2:24  Barracks Reactor  
  24  2:34  SCV  
  24  2:46  SCV  
  24  2:48  Command Center  
  25  2:55  Orbital Command  
  25  2:59  SCV  
  26  3:06  Starport  
  26  3:09  Hellion  
  29  3:12  SCV  
  29  3:16  Hellion  
  31  3:21  Refinery  
  31  3:23  SCV  
  32  3:30  Hellion  
  34  3:37  Hellion  
  34  3:38  SCV x2  
  38  3:45  Viking  
  40  3:50  SCV  
  41  3:56  Barracks Tech Lab  
  41  3:57  SCV  
  42  4:03  Orbital Command  
  42  4:05  SCV  
  42  4:08  Supply Depot  
  42  4:09  SCV  
  44  4:11  Hellion  
  44  4:17  SCV  
  47  4:21  SCV  
  41  4:31  SCV  
  41  4:32  Hellion x2  
  41  4:33  SCV  
  41  4:34  Supply Depot  
  46  4:40  Supply Depot  
  46  4:42  Supply Depot  
  46  4:43  SCV  
  46  4:45  Supply Depot, SCV  
  48  4:46  SCV  
  47  4:54  Hellion x2  
  47  4:55  SCV  
  52  5:09  SCV  
  52  5:10  Supply Depot  
  52  5:12  Marine  
  52  5:13  Starport Reactor  
  54  5:14  Stimpack  
  54  5:16  SCV x2  
  56  5:21  SCV  
  57  5:28  SCV x2  
  57  5:32  Refinery  
  57  5:35  Marine  
  60  5:39  Barracks  
  60  5:42  Barracks  
  60  5:45  SCV x2, Engineering Bay x2  
  60  5:46  SCV  
  60  5:47  Factory Reactor  
  63  5:54  Marine  
  64  5:57  Orbital Command, SCV  
  64  5:58  SCV  
  64  6:01  Refinery  
  66  6:05  Medivac x2  
  66  6:09  SCV  
  71  6:11  Marine, Terran Infantry Weapons Level 1  
  71  6:12  Terran Infantry Armor Level 1  
  71  6:13  SCV  
  73  6:23  Barracks  
  73  6:24  SCV, Barracks  
  74  6:25  Factory  
  74  6:29  Marine  
  75  6:39  SCV  
  78  6:40  SCV x2  
  78  6:46  Marine x4  
  82  6:47  Marine  
  82  6:49  Factory Reactor  
  82  6:51  SCV  
  82  6:52  SCV x2  
  82  6:53  Combat Shield  
  86  6:54  Medivac  
  88  7:03  Supply Depot  
  88  7:04  Supply Depot, SCV x3  
  88  7:06  Marine  
  88  7:07  Marine x3  
  95  7:09  Supply Depot  
  95  7:11  Factory Tech Lab, Armory  
  95  7:12  Barracks Reactor x2  
  95  7:14  Marine  
  96  7:16  SCV  
  96  7:22  Command Center, SCV x2, Refinery  
  99  7:23  Refinery  
  99  7:24  Marine x2  
  99  7:28  SCV  
  102  7:31  Siege Tank  
  102  7:32  Widow Mine x2  
  102  7:34  SCV x2  
  111  7:40  SCV  
  111  7:41  Marine  
  113  7:50  Marine x3  
  113  7:51  Marine x5  
  121  7:52  SCV  
  122  7:59  Marine  
  123  8:08  Marine x2, Terran Infantry Weapons Level 2, Terran Infantry Armor Level 2  
  123  8:09  Terran Vehicle And Ship Armor Level 1  
  125  8:13  Marine x6  
  125  8:16  Marine, Supply Depot x2  
  125  8:18  Supply Depot  
  132  8:26  Marine x2  
  134  8:30  SCV  
  134  8:31  Marine  
  134  8:32  Widow Mine  
  134  8:33  Widow Mine, SCV  
  141  8:34  Widow Mine  
  143  8:42  Barracks  
  137  8:55  Siege Tank  
  137  9:00  Marine x6  
  137  9:02  Medivac x2  
  150  9:03  Ghost Academy  
  150  9:05  Widow Mine x2  
  154  9:11  Marine  
  154  9:12  Marine x2  
  157  9:18  Marine  
  157  9:22  Barracks  
  158  9:25  Ghost Academy  
  158  9:26  Widow Mine  
  158  9:27  Siege Tank  
  158  9:30  Marine  
  164  9:32  Barracks Tech Lab  
  164  9:34  Ghost Academy  
  135  9:53  Marine x10  
  127  10:10  Marine  
  127  10:11  Marine x9  
  101  10:18  Marine  
  101  10:20  SCV  
  92  10:28  Marine x2, SCV x2  
  90  10:29  Marine x6, Marauder x2  
  90  10:32  SCV  
  103  10:36  Marine  
  103  10:40  SCV  
  105  10:46  Marine x7  
  105  10:47  Marine  
  105  10:48  Medivac x2  
  117  10:50  Marine  
  117  10:51  Planetary Fortress, Marauder  
  117  10:53  Marine, SCV  
  122  11:04  Marine x8, Widow Mine x3  
  128  11:09  Marauder  
  133  11:11  Marine  
  133  11:12  Marauder  
  117  11:22  Marine x8  
  117  11:25  Widow Mine x2  
  112  11:29  Marine  
  112  11:30  Marauder  
Show
View Real Time Build Order
Export as new Build Order

CareAgain Zerg - Winner!

Build Orders: Hatch First 

Get SALT Encoding   

  12  0:00  Drone  
  13  0:12  Overlord  
  13  0:18  Drone  
  14  0:31  Drone x2  
  16  0:48  Hatchery  
  15  0:50  Drone  
  15  0:53  Drone  
  17  1:01  Drone  
  18  1:08  Extractor  
  17  1:12  Spawning Pool  
  17  1:16  Drone  
  17  1:19  Drone  
  18  1:27  Drone  
  19  1:39  Drone  
  20  1:49  Drone  
  21  2:00  Queen x2  
  25  2:02  Zergling x4  
  27  2:18  Hatchery  
  27  2:22  Overlord x2  
  26  2:36  Spore Crawler  
  25  2:43  Queen  
  28  2:44  Metabolic Boost  
  28  2:45  Drone x3  
  31  2:52  Drone x2  
  31  2:56  Overlord  
  33  3:03  Drone  
  33  3:05  Drone  
  35  3:10  Drone x3  
  35  3:11  Drone  
  39  3:16  Drone  
  39  3:18  Drone  
  41  3:28  Overlord  
  41  3:29  Queen  
  43  3:37  Queen, Drone x2  
  46  3:44  Drone x5  
  51  3:52  Drone x3  
  54  3:57  Queen  
  56  4:10  Zergling x6  
  56  4:11  Zergling x6  
  57  4:29  Drone x9  
  62  4:42  Overlord x3  
  62  4:52  Hatchery  
  61  4:54  Overlord x4  
  60  5:03  Zergling x10  
  59  5:08  Spore Crawler  
  59  5:10  Spore Crawler  
  59  5:12  Spore Crawler  
  56  5:17  Overlord  
  56  5:19  Drone x5  
  61  5:27  Drone x5  
  66  5:36  Drone x2, Evolution Chamber  
  66  5:38  Evolution Chamber  
  66  5:40  Queen x2  
  66  5:41  Queen  
  72  5:44  Overlord  
  72  5:53  Extractor  
  72  5:54  Extractor  
  70  6:02  Drone x3  
  70  6:03  Drone x5  
  70  6:04  Drone  
  79  6:05  Drone x3  
  79  6:08  Extractor  
  79  6:11  Zergling x8  
  85  6:17  Overlord  
  85  6:24  Drone  
  85  6:25  Lair, Drone x2  
  88  6:28  Zerg Melee Weapons Level 1, Zerg Ground Armor Level 1  
  87  6:34  Drone x2  
  87  6:38  Zergling x2  
  87  6:39  Zergling x16  
  98  6:57  Hatchery  
  98  6:58  Drone x12  
  109  7:06  Zergling x6  
  112  7:08  Baneling Nest  
  112  7:13  Drone x4  
  115  7:19  Zergling x2  
  115  7:20  Zergling x10  
  121  7:29  Hatchery  
  120  7:32  Overlord x3  
  120  7:35  Zergling x8  
  124  7:40  Overseer, Pneumatized Carapace  
  124  7:44  Zergling x18  
  124  7:49  Overlord  
  132  7:51  Hatchery  
  132  7:53  Zergling x10  
  135  8:06  Overseer  
  135  8:08  Zergling x4  
  135  8:09  Zergling x12  
  143  8:13  Zergling x2  
  143  8:14  Zergling x8  
  143  8:16  Centrifugal Hooks  
  148  8:34  Overseer  
  148  8:35  Roach Warren  
  148  8:37  Zergling x30, Zerg Melee Weapons Level 2  
  148  8:38  Zerg Ground Armor Level 2  
  156  8:48  Zergling x20  
  156  8:53  Baneling x24  
  166  9:01  Drone  
  166  9:02  Extractor, Drone x2  
  167  9:17  Zergling x42  
  167  9:20  Overlord x2  
  188  9:28  Drone x5  
  193  9:38  Zergling x8  
  194  9:44  Zergling x20  
  182  9:56  Zergling x22  
  182  9:59  Zergling x2  
  172  10:00  Zergling x6  
  172  10:04  Zergling x4  
  148  10:10  Zergling x14  
  129  10:14  Zergling x10  
  129  10:16  Overseer  
  129  10:21  Hatchery, Zergling x6  
  130  10:24  Zergling x6  
  130  10:25  Zergling x2  
  130  10:27  Overseer x4  
  125  10:31  Zergling x12  
  121  10:39  Zergling x18  
  121  10:40  Baneling x5  
  121  10:41  Baneling x12  
  124  10:48  Zergling x14  
  127  10:53  Zergling x10  
  132  10:59  Zergling x8  
  136  11:05  Infestation Pit  
  131  11:12  Zergling x32  
  131  11:19  Zergling x4  
  131  11:23  Zergling x10  
  141  11:29  Zergling x2  
  141  11:30  Zergling x8  
Tags
 
Add a new tag
Caveats
  • Supply blocks, unpowered buildings, or Contaminate may cause inaccurate times.
  • Supply counts are checked every 10 seconds.